 Dungeon Crawl Stone Soup version 0.21-a0-26-g7b23a2f (webtiles) character file.

2430 esteth the Martial Artist (level 9, -2/47 HPs)
             Began as a Vine Stalker Monk on May 25, 2017.
             Was a Priest of Ashenzari.
             Slain by a yak (11 damage)
             ... on level 7 of the Dungeon.
             The game lasted 00:17:54 (6619 turns).

esteth the Martial Artist (Vine Stalker Monk)       Turns: 6619, Time: 00:17:55

Health: -2/47      AC: 12    Str: 15    XL:     9   Next: 48%
Magic:  0/10       EV: 13    Int: 10    God:    Ashenzari [***...]
Gold:   202        SH:  0    Dex: 21    Spells: 8/8 levels left

rFire    . . .     SeeInvis +     - Unarmed
rCold    . . .     Gourm    .   (no shield)
rNeg     . . .     Faith    .   u - +2 leather armour
rPois    .         Spirit   +   i - +2 hat
rElec    .         Reflect  .   (no cloak)
rCorr    .         Harm     .   x - +1 pair of gloves (curse)
MR       +....     Rnd*Rage +   d - +0 pair of boots (curse)
Stlth    +++.......             (no amulet)
Regen    0.6/turn               v - ring of stealth
MPRegen  0.2/turn               (no ring)

@: no status effects
A: fangs 3, agile 1, berserk 1, regeneration 1, shaggy fur 1, magic shield,
antimagic bite, no potion heal 3, rot immunity
a: Curse Item, Scrying, Renounce Religion


You were on level 7 of the Dungeon.
You worshipped Ashenzari.
Ashenzari was most pleased with you.
You were not hungry.

You visited 1 branch of the dungeon, and saw 7 of its levels.

You collected 202 gold pieces.

Inventory:

Armour
 a - a +0 robe
 d - a cursed +0 pair of boots (worn)
 i - a +2 hat (worn)
 u - a +2 leather armour (worn)
 x - a cursed +1 pair of gloves (worn)
Jewellery
 v - a ring of stealth (left hand)
 w - a +3 ring of intelligence
Scrolls
 g - 4 scrolls of identify
 m - a scroll of fog {unknown}
 o - 2 scrolls of enchant weapon {unknown}
 p - 4 scrolls of amnesia {unknown}
 q - 4 scrolls of fear {unknown}
 y - a scroll of teleportation {unknown}
 C - 2 scrolls of recharging {unknown}
Potions
 c - a potion of agility {unknown}
 e - a potion of ambrosia {unknown}
 k - 2 potions of might
 n - 2 potions of flight {unknown}
 r - 2 potions of brilliance {unknown}
 s - 2 potions of berserk rage {unknown}
 t - a potion of curing
 z - a potion of haste {unknown}
 A - a potion of lignification {unknown}
 B - 2 potions of heal wounds {unknown}
Comestibles
 b - 9 bread rations
 f - 3 meat rations
 h - 5 chunks of flesh
 j - 6 fruits
 l - 5 royal jellies


   Skills:
 - Level 5.0 Fighting
 - Level 7.1 Armour
 - Level 2.4 Dodging
 - Level 2.4 Stealth
 + Level 8.4 Unarmed Combat


You had 8 spell levels left.
You didn't know any spells.

Dungeon Overview and Level Annotations

Branches:
Dungeon (7/15)
 Temple: D:4-7

Altars:
Ashenzari
Elyvilon
Fedhas
Nemelex Xobeh
Okawaru
Qazlal
Ru
Sif Muna
Trog
Uskayaw
Vehumet

Shops:
D:4 [


Innate Abilities, Weirdness & Mutations

You have razor-sharp teeth.
Your natural rate of healing is unusually fast.
When hurt, damage is shared between your health and your magic reserves.
Your bite disrupts and absorbs the magic of your enemies.
Potions cannot restore your health.
You are immune to rotting.
You are agile. (Dex +2)
You tend to lose your temper in combat.
You are covered in fur. (AC +1)


Message History

You hit the hog but do no damage. You bite the hog. You drain its power.
You kill the hog!
The yak gores you!
Things that are here:
a hog corpse x2
You hit the yak. You bite the yak, but do no damage.
The yak is lightly wounded.
The yak gores you but does no damage.
You hit the yak. Your bite misses the yak.
The yak is moderately wounded.
The yak gores you!
* * * LOW HITPOINT WARNING * * *
You hit the yak. You punch the yak.
The yak is moderately wounded.
The yak gores you.
* * * LOW HITPOINT WARNING * * *
You punch the yak!
The yak is heavily wounded.
The yak gores you!
You die...

#############
#......@Y...#
########....#
#%%..)'....#
#%...Y#...%#
###'###).[.#
#)...h#....# * *
#.....#....# ######
########....#*
.....#####...........##
**


You could see a yak.

Vanquished Creatures
  Joseph (D:7)
  A human (D:7)
  A wyvern (D:7)
  2 hogs (D:7)
  Menkaure (D:6)
  An orc warrior (D:7)
  A sky beast (D:6)
  An ice beast (D:6)
  2 ogres
  2 bullfrogs (D:6)
  A wyvern skeleton (D:7)
  3 scorpions
  A crimson imp (D:6)
  A jelly (D:5)
  3 orc wizards
  3 orc priests
  A bullfrog skeleton (D:4)
  An iguana (D:4)
  2 worker ants
  A hound zombie (D:4)
  A mummy (D:7)
  A worker ant zombie (D:6)
  12 gnolls
  3 adders (D:3)
  A shadow imp (D:6)
  3 oozes
  2 worms
  A dart slug (D:1)
  3 leopard geckos
  16 orcs
  3 giant cockroaches
  8 hobgoblins
  4 jackals (D:2)
  8 kobolds
  A ball python (D:1)
  7 bats
  A frilled lizard (D:1)
  A giant cockroach zombie (D:5)
  13 goblins
  A hobgoblin zombie (D:7)
  3 orc zombies (D:7)
  A quokka zombie (D:6)
  12 rats
136 creatures vanquished.

Notes
Turn   | Place    | Note
-------+----------+-------------------------------------------
     0 | D:1      | esteth the Vine Stalker Monk began the quest for the Orb.
     0 | D:1      | Reached XP level 1. HP: 11/11 MP: 2/2
   502 | D:1      | Reached XP level 2. HP: 4/16 MP: 3/3
  1147 | D:1      | Reached skill level 4 in Unarmed Combat
  1349 | D:1      | Reached XP level 3. HP: 19/19 MP: 4/4
  1894 | D:2      | Found a hide-covered altar of Uskayaw.
  2533 | D:2      | Gained mutation: Your natural rate of healing is unusually fast. [Vine Stalker growth]
  2533 | D:2      | Reached XP level 4. HP: 17/23 MP: 3/5
  2716 | D:3      | Found a shattered altar of Ashenzari.
  2763 | D:3      | Became a worshipper of Ashenzari the Shackled
  2763 | D:3      | Reached * piety under Ashenzari
  2763 | D:3      | Reached ** piety under Ashenzari
  2790 | D:3      | Reached skill level 5 in Unarmed Combat
  2945 | D:3      | Reached XP level 5. HP: 15/27 MP: 6/6
  3328 | D:3      | Found a sacrificial altar of Ru.
  3633 | D:3      | Reached skill level 6 in Unarmed Combat
  3662 | D:4      | Found a blossoming altar of Fedhas.
  3662 | D:4      | Found a bloodstained altar of Trog.
  3788 | D:3      | Reached XP level 6. HP: 22/32 MP: 3/7
  4145 | D:4      | Found Hotishay's Antique Armour Boutique.
  4163 | D:4      | Reached skill level 5 in Fighting
  4163 | D:4      | Reached XP level 7. HP: 39/39 MP: 8/8
  4211 | D:4      | Found a radiant altar of Vehumet.
  4420 | D:4      | Found a white marble altar of Elyvilon.
  4465 | D:5      | Entered Level 5 of the Dungeon
  4504 | D:5      | Found an iron altar of Okawaru.
  4586 | D:5      | Reached skill level 1 in Armour
  5177 | D:6      | Reached *** piety under Ashenzari
  5238 | D:6      | Gained mutation: You have razor-sharp teeth. [Vine Stalker growth]
  5238 | D:6      | Reached XP level 8. HP: 42/43 MP: 9/9
  5675 | D:6      | Found a sparkling altar of Nemelex Xobeh.
  5834 | D:6      | Found a deep blue altar of Sif Muna.
  5837 | D:6      | Found a stormy altar of Qazlal.
  5902 | D:6      | Noticed Menkaure
  5907 | D:6      | Reached skill level 5 in Armour
  5914 | D:6      | Killed Menkaure
  6104 | D:6      | Gained mutation: You have sharp toenails. [potion of mutation]
  6104 | D:6      | Gained mutation: Scrolls take you a little longer to read. [potion of mutation]
  6104 | D:6      | Gained mutation: You evolve. [potion of mutation]
  6105 | D:6      | Lost mutation: You evolve. [potion of mutation]
  6105 | D:6      | Lost mutation: Scrolls take you a little longer to read. [potion of mutation]
  6105 | D:6      | Lost mutation: You have sharp toenails. [potion of mutation]
  6105 | D:6      | Gained mutation: You are clumsy. (Dex -2) [potion of mutation]
  6105 | D:6      | Gained mutation: You have large cloven feet. [potion of mutation]
  6106 | D:6      | Lost mutation: You have large cloven feet. [potion of mutation]
  6106 | D:6      | Lost mutation: You are clumsy. (Dex -2) [potion of mutation]
  6106 | D:6      | Gained mutation: You are covered in fur. (AC +1) [potion of mutation]
  6106 | D:6      | Gained mutation: You tend to lose your temper in combat. [potion of mutation]
  6106 | D:6      | Gained mutation: You are agile. (Dex +2) [potion of mutation]
  6210 | D:7      | Noticed Joseph
  6223 | D:7      | HP: 1/43 [Joseph/quarterstaff (9)]
  6226 | D:7      | Killed Joseph
  6226 | D:7      | Reached XP level 9. HP: 2/47 MP: 10/10
  6384 | D:7      | Reached skill level 7 in Unarmed Combat
  6607 | D:7      | Reached skill level 8 in Unarmed Combat
  6619 | D:7      | Slain by a yak

Vault maps used:
D:1:      dpeg_arrival_shrine
D:2:      eat_drink_and_be_merry_uskayaw, first_bread
D:3:      nicolae_overflow_crystal_walls, evilmike_ruin_ashenzari
D:4:      lemuel_crystal_altar, nicolae_overflow_hidden_temple, serial_shops,
          nicolae_shop_statue_plus
D:5:      okawaru_ov_weapons_minmay
D:6:      nemelex_xobeh_ov_fountains_minmay, minitemple, uniq_menkaure,
          uniq_crazy_yiuf_cottage
D:7:      temple_doors_e, grunt_livestock, minmay_mini_ossuary, uniq_joseph

Skill      XL: |  1  2  3  4  5  6  7  8  9 |
---------------+----------------------------+-----
Unarmed Combat | 4 5 6 8 |  8.4
Fighting       | 5 |  5.0
Armour         | 3 7 |  7.1
Dodging        | |  2.4
Stealth        | |  2.4

Action                   |  1- 3 |  4- 6 |  7- 9 || total
-------------------------+-------+-------+-------++-------
Melee: Unarmed           |   144 |   191 |   195 ||   530
       Bite              |    37 |    49 |    76 ||   162
       Punch             |       |     7 |    10 ||    17
Invok: Curse Item        |       |     1 |     1 ||     2
  Use: Potion            |       |       |     6 ||     6
       Scroll            |       |       |     4 ||     4
 Stab: Distracted        |     1 |       |     1 ||     2
       Sleeping          |     8 |     5 |     7 ||    20
  Eat: Chunk             |     5 |     5 |     8 ||    18
Armor: Robe              |    24 |    16 |       ||    40
       Leather armour    |       |     4 |    23 ||    27
Dodge: Dodged            |   109 |    96 |   102 ||   307
